 Dungeon Crawl Stone Soup version 0.28.0-53-g5a82cb258f (webtiles) character file.

Game seed: 15930715022876234822

5 Ethylacetat the Shooter (level 1, -2/19 HPs)
             Began as a Naga Hunter on May 23, 2022.
             Frozen to death by an endoplasm (5 damage)
             ... on level 1 of the Dungeon.
             The game lasted 00:00:43 (197 turns).

Ethylacetat the Shooter (Naga Hunter)                Turns: 197, Time: 00:00:44

Health: -2/19      AC:  1    Str: 14    XL:     1   Next: 80%
Magic:  1/1        EV:  9    Int: 11    God:
Gold:   11         SH:  0    Dex: 11    Spells: 0/0 levels left

rFire   . . .      SeeInvis +   b - +0 short sword
rCold   . . .      Faith    .   (no shield)
rNeg    . . .      Spirit   .   c - +0 leather armour
rPois   +          Reflect  .   (no helmet)
rElec   .          Harm     .   (no cloak)
rCorr   .          Rampage  .   (no gloves)
Will    .....                   (no barding)
Stlth   +.........              (no amulet)
HPRegen 0.06/turn               (no ring)
MPRegen 0.07/turn               (no ring)

@: short of breath, very slow
A: AC +0, large, see invisible, deformed body, poison resistance, slowness 2,
spit poison 1, naga tail 1
a: Spit Poison


You were on level 1 of the Dungeon.
You visited 1 branch of the dungeon, and saw 1 of its levels.

You collected 11 gold pieces.

Inventory:

Hand Weapons
 a - a +1 shortbow
 b - a +0 short sword (weapon)
Missiles
 d - 19 arrows
Armour
 c - a +0 leather armour (worn)
Potions
 e - a potion of might {unknown}


   Skills:
 + Level 2.0 Fighting
 * Level 3.9 Bows
 - Level 1.5 Dodging
 + Level 1.5 Stealth


You couldn't memorise any spells.
You didn't know any spells.
Your spell library was empty.

Dungeon Overview and Level Annotations

Branches:
Dungeon (1/15)

Altars:


Innate Abilities, Weirdness & Mutations

Your serpentine skin is tough. (AC +0)
You have supernaturally acute eyesight. (SInv)
Armour fits poorly on your strangely shaped body.
Your system is resistant to poisons. (rPois)
You cover ground very slowly.
You can spit poison.
You have a snake-like lower body.


Message History

The giant cockroach is heavily wounded.
The giant cockroach bites you but does no damage.
Aiming: Spit Poison (3% risk of failure)
Press: ? - help, Shift-Dir - straight line, f/p - giant cockroach
Aim: a giant cockroach (heavily wounded, 53% to hit)
The splash of poison hits the giant cockroach.
The giant cockroach is poisoned.
You kill the giant cockroach!
The ball python bites you.
You closely miss the ball python. The ball python bites you.
You barely miss the ball python. Your punch misses the ball python.
The ball python bites you.
You hit the ball python.
You kill the ball python!
You hit the endoplasm but do no damage. The endoplasm freezes you.
You are frozen.
You hit the endoplasm.
The endoplasm is lightly wounded.
You have got your breath back.
The endoplasm hits you.
Aiming: Spit Poison (3% risk of failure)
Press: ? - help, Shift-Dir - straight line, f - endoplasm
Aim: an endoplasm (lightly wounded, 96% to hit)
The splash of poison hits the endoplasm.
The endoplasm completely resists.
The endoplasm is lightly wounded.
The endoplasm freezes you.
You are frozen.
* * * LOW HITPOINT WARNING * * *
The endoplasm hits you.
* * * LOW HITPOINT WARNING * * *
You barely miss the endoplasm.
The endoplasm is lightly wounded.
The endoplasm barely misses you.
You hit the endoplasm but do no damage.
The endoplasm is lightly wounded.
The endoplasm freezes you.
You are frozen.
You die...

.###.... #......... #.#
##.... #.# #....
#.####....
.########....#.... ..#
........#....#....
.....########.#........>
#...@J..........#...^
###.###†###.#....#....
......................
..##.###.##............
........................
# .##.##.............#.#
#.............#.#
#.............. .
#.............#.


You could see an endoplasm.

Vanquished Creatures
  A dart slug (D:1)
  A giant cockroach (D:1)
  A ball python (D:1)
  A goblin (D:1)
4 creatures vanquished.

Notes
Turn   | Place    | Note
-------+----------+-------------------------------------------
     0 | D:1      | Ethylacetat the Naga Hunter began the quest for the Orb.
     0 | D:1      | Reached XP level 1. HP: 19/19 MP: 1/1
   197 | D:1      | Frozen to death by an endoplasm

Illustrated notes

Levels and vault maps discovered:
D:1:      minmay_arrival_glassed_features, layout_basic, st_stairs_12,
          serial_bayou_lagoon_a, nicolae_concentric_dashed_squares_wild,
          minivault_27

Action                   || total
-------------------------++-------
Melee: Short sword       ||     8
       Punch             ||     1
 Fire: Shortbow          ||     1
 Abil: Spit Poison       ||     4
Armor: Leather armour    ||     1
Dodge: Dodged            ||     1
